 Dungeon Crawl Stone Soup version 0.27-a0-1158-gaa87e14f67 (webtiles) character file.

Game seed: 2196765072450330161

35 Gorglomux the Skirmisher (level 3, 0/20 HPs)
             Began as a Vine Stalker Warper on May 15, 2021.
             Succumbed to an adder's poison
             ... on level 2 of the Dungeon.
             The game lasted 00:01:44 (1724 turns).

Gorglomux the Skirmisher (Vine Stalker Warper)      Turns: 1724, Time: 00:01:45

Health: 0/20       AC:  3    Str: 11 (14) XL:     3   Next: 33%
Magic:  2/7        EV: 11    Int: 11 (13) God:
Gold:   7          SH:  0    Dex: 12 (13) Spells: 6/6 levels left

rFire    . . .     SeeInvis .   a - +0 short sword
rCold    . . .     Faith    .   (no shield)
rNeg     . . .     Spirit   +   b - +0 leather armour
rPois    .         Reflect  .   (no helmet)
rElec    .         Harm     .   (no cloak)
rCorr    .         Rampage  .   (no gloves)
Will     .....                  (no boots)
Stlth    +.........             (no amulet)
HPRegen  0.06/turn              (no ring)
MPRegen  0.10/turn              (no ring)

@: lethally poisoned (0 -> -4), very slightly contaminated, invisible
A: fangs 2, magic shield, antimagic bite, no potion heal 2
a: no special abilities


You were on level 2 of the Dungeon.
You visited 1 branch of the dungeon, and saw 2 of its levels.

You collected 7 gold pieces.

Inventory:

Hand Weapons
 a - a +0 short sword (weapon)
Missiles
 K - 5 boomerangs of dispersal (quivered)
Armour
 b - a +0 leather armour (worn)
 f - a +0 buckler
Wands
 c - a wand of polymorph (3)
Scrolls
 e - a scroll of fear {unknown}
 i - a scroll of identify {unknown}
 k - a scroll of torment {unknown}
 B - a scroll of blinking


   Skills:
 + Level 3.3 Fighting
 - Level 1.7 Short Blades
 - Level 0.8 Throwing
 - Level 0.7 Armour
 - Level 1.5 Dodging
 - Level 2.1 Spellcasting
 - Level 3.0 Translocations


You had 6 spell levels left.
You didn't know any spells.
Your spell library contained the following spells:

 Spells                   Type           Power      Damage    Failure   Level
 Blink                    Tloc           N/A        N/A       17%         2
 Gell's Gravitas          Tloc           3%         N/A       32%         3
 Lesser Beckoning         Tloc           3%         N/A       32%         3
 Teleport Other           Tloc           7%         N/A       32%         3
 Manifold Assault         Tloc           7%         N/A       97%         5


Dungeon Overview and Level Annotations

Branches:
Dungeon (2/15)

Altars:


Innate Abilities, Weirdness & Mutations

You have extremely sharp teeth.
When hurt, damage is shared between your health and your magic reserves.
Your bite disrupts and absorbs the magic of your enemies.
Potions cannot restore your health.


Message History

The adder closely misses you.
You closely miss the adder. Your bite misses the adder.
The adder is moderately wounded.
The adder bites you but does no damage. The adder closely misses you.
You closely miss the adder. Your bite misses the adder.
The adder is moderately wounded.
The adder barely misses you.
You hit the adder.
The adder is heavily wounded.
The adder bites you.
You closely miss the adder. Your bite misses the adder.
The adder is heavily wounded.
The adder bites you but does no damage. The adder bites you.
You barely miss the adder.
The adder is heavily wounded.
The adder misses you.
You hit the adder. Your bite misses the adder.
The adder is almost dead.
The adder bites you.
You hit the adder but do no damage. Your bite misses the adder.
The adder is almost dead.
The adder bites you. x2
You are poisoned.
The adder poisons you!
You miss the adder. Your bite misses the adder.
The adder is severely wounded.
You feel sick. The adder closely misses you.
You barely miss the adder. Your bite misses the adder.
The adder is severely wounded.
You feel sick. The adder bites you.
You are lethally poisoned!
The adder poisons you!
You barely miss the adder.
The adder is severely wounded.
* * * LOW HITPOINT WARNING * * *
You feel sick. The adder closely misses you. The adder bites you.
* * * LOW HITPOINT WARNING * * *
It was a potion of degeneration.
There was something very wrong with that liquid.
You feel weakened.
You feel dopey.
You feel clumsy.
* * * LOW HITPOINT WARNING * * *
You feel sick. The adder misses you.
It was a potion of invisibility.
You fade into invisibility!
* * * LOW HITPOINT WARNING * * *
You feel sick. The adder closely misses you.
You are very lightly contaminated with residual magic.
You hit the adder.
You kill the adder!
You die...

.....# #.# # ##.###
#.#.# ##.#####.#.#
### ## ##
.................. .>
##.#####.###.#.#.##.
##.#.§P8§8§..... ..
##...§P§§§§§.#.# .# #
###.§.PP§####.##.#..#
#.§§§P.§§....@....#
#.#########.###...#
#.# #... ..# #.#
#..... .# #+#
.......... #.####..
## #.# .# ### #.## #
#..#


There were no monsters in sight!

Vanquished Creatures
  2 adders (D:2)
  2 endoplasms (D:1)
  2 giant cockroaches
  4 goblins (D:1)
  A hobgoblin (D:1)
  2 ball pythons
  5 bats (D:1)
  2 frilled lizards (D:2)
  3 kobolds
  2 quokka zombies (D:2)
  5 rats
30 creatures vanquished.

Notes
Turn   | Place    | Note
-------+----------+-------------------------------------------
     0 | D:1      | Gorglomux the Vine Stalker Warper began the quest for the
                  | Orb.
     0 | D:1      | Reached XP level 1. HP: 11/11 MP: 4/4
   141 | D:1      | Found a faded altar of an unknown god.
   273 | D:1      | Reached XP level 2. HP: 16/16 MP: 6/6
   790 | D:2      | Reached skill level 3 in Fighting
  1095 | D:2      | Reached XP level 3. HP: 20/20 MP: 7/7
  1723 | D:2      | HP: 1/20 [poisoned by an adder]
  1724 | D:2      | Succumbed to an adder's poison

Illustrated notes

Levels and vault maps discovered:
D:1:      minmay_arrival_wavy_path, layout_basic, basic_ecumenical_altar,
          chequers_serial_rivers_micro_c, minmay_tripent
D:2:      layout_basic, serial_undead, serial_undead_e, serial_undead_c,
          serial_undead_f, serial_undead_c

Skill      XL: |  1  2 |
---------------+-------+-----
Fighting       | 2 3 |  3.3
Short Blades   | |  1.7
Throwing       | |  0.8
Armour         | |  0.7
Dodging        | |  1.5
Spellcasting   | |  2.1
Translocations | |  3.0

Action                   || total
-------------------------++-------
Melee: Short sword       ||   104
       Bite              ||    21
  Use: Potion            ||     5
Armor: Leather armour    ||    35
       Skin              ||     2
Dodge: Dodged            ||    86

Table legend: (Time is in decaauts)
 A = Elapsed time spent in this place.
 B = Non-inter-level travel time spent in this place.
 C = Inter-level travel time spent in this place.
 D = Time resting spent in this place.
 E = Time spent auto-exploring this place.
 F = Levels seen in this place.
 G = Mean time per level.
                   A        B        C        D        E       F      G
               +--------+--------+--------+--------+--------+-----+--------+
         Total |   1725 |   1700 |     25 |    420 |   1049 |   2 |  862.5 |
       Dungeon |   1725 |   1700 |     25 |    420 |   1049 |   2 |  862.5 |
               +--------+--------+--------+--------+--------+-----+--------+

Top non-repeatable levels by time:
     D:2: 948 daAuts
     D:1: 777 daAuts
